 Dungeon Crawl Stone Soup version 0.18.1-47-g9310371 (webtiles) character file.

218 dvd the Skirmisher (level 6, 0/49 HPs)
             Began as a Formicid Abyssal Knight on June 15, 2016.
             Was a Believer of Lugonu.
             Succumbed to a worker ant's poison
             ... on level 5 of the Dungeon.
             The game lasted 00:09:09 (3246 turns).

dvd the Skirmisher (Formicid Abyssal Knight)        Turns: 3246, Time: 00:09:10

Health: 0/49       AC: 11    Str: 17    XL:     6   Next: 17%
Magic:  7/7        EV:  7    Int: 12    God:    Lugonu [**....]
Gold:   207        SH:  0    Dex: 11    Spells: 0 memorised, 5 levels left

rFire  . . .     SeeInvis +     a - +1 hand axe
rCold  . . .     Gourm    .     d - +0 chain mail
rNeg   . . .     Faith    .     (no shield)
rPois  .         Spirit   +     (helmet unavailable)
rElec  .         Dismiss  .     (no cloak)
rCorr  .         Reflect  .     t - +1 pair of gloves
SustAt .         Harm     .     (no boots)
MR     .....                    i - amulet of guardian spirit
Stlth  ..........               (no ring)
                                (no ring)

@: lethally poisoned (0 -> -3), not resistant to hostile enchantments, extremely
unstealthy
A: permanent stasis, dig shafts and tunnels, four strong arms, antennae 3
a: Dig, Shaft Self, Depart the Abyss, Bend Space, Renounce Religion


You were on level 5 of the Dungeon.
You worshipped Lugonu.
Lugonu was pleased with you.
You were very full.

You visited 1 branch of the dungeon, and saw 5 of its levels.
You visited the Abyss 1 time.

You collected 207 gold pieces.

Inventory:

Hand Weapons
 a - a +1 hand axe (weapon)
 h - a +0 scythe
 r - a +0 morningstar
Missiles
 f - 11 javelins (quivered)
Armour
 b - a +0 leather armour
 d - a +0 chain mail (worn)
 p - a +2 robe of positive energy
 t - a +1 pair of gloves (worn)
Jewellery
 i - an amulet of guardian spirit (around neck)
Wands
 s - a wand of flame (28/48)
Scrolls
 e - a scroll of fog
 g - a scroll of enchant armour
 j - a scroll of amnesia
 k - 3 scrolls of fear {unknown}
 m - 2 scrolls of identify
 q - 3 scrolls of remove curse
Potions
 l - a potion of agility
Comestibles
 c - 6 bread rations


   Skills:
 + Level 4.7 Fighting
 + Level 3.1 Axes
 + Level 0.4(1.9) Maces & Flails
 + Level 1.2 Throwing
 + Level 3.8 Armour
 + Level 1.6 Dodging
 + Level 0.3 Stealth
 + Level 2.4 Invocations


You had 5 spell levels left.
You didn't know any spells.

Dungeon Overview and Level Annotations

Branches:
Dungeon (5/15)
 Temple: D:4-7

Altars:
Makhleb
Nemelex Xobeh
Qazlal
Trog
Xom
Yredelemnul
Zin
The Shining One

Shops:
D:4 (


Innate Abilities, Weirdness & Mutations

You are under a permanent stasis effect.
You can dig through walls and to a lower floor.
Your four strong arms can wield two-handed weapons with a shield.
You have a pair of large antennae on your head (SInv).


Message History

You see here a short sword.
* * * LOW HITPOINT WARNING * * *
You feel sick.
* * * LOW HITPOINT WARNING * * *
You feel sick.
Eat which item? (? for menu, Esc to quit)
You continue eating.
* * * LOW HITPOINT WARNING * * *
You feel sick.
You continue eating.
Magic restored.
* * * LOW HITPOINT WARNING * * *
You feel sick.
You finish eating.
That meat ration really hit the spot!
* * * LOW HITPOINT WARNING * * *
You feel sick.
* * * LOW HITPOINT WARNING * * *
You feel sick.
You see here a hand axe.
You die...

##.....# #.# #....######
#......###..# .#.........##
.(####...#.# ..#..........##
.# #.#...# ##.# #...%......#
# #.#..####... #..........#
#.#....#..# #..........#
#....#.#.# #......%...#
#...#.....######....)..<..#
#.#.........@.).......)..##
#..###.##..######..........#
#. #.###.# ####..........# .
#.....###.............#
#..##..#..##..........# #..
#.....###..........#
.......#.### ##........##
........... ##......##
......##.#.# ########


There were no monsters in sight!

Vanquished Creatures
  A giant frog skeleton (D:4)
  An orc wizard (D:5)
  A worker ant (D:5)
  8 adders
  2 worms (D:3)
  A dart slug (D:2)
  5 giant geckos
  4 orcs
  6 bats
  A giant cockroach (D:3)
  7 goblins
  7 hobgoblins
  A quokka (D:3)
  A giant gecko skeleton (D:5)
  A giant newt (D:2)
  9 kobolds
  3 rats (D:2)
59 creatures vanquished.

Notes
Turn   | Place    | Note
--------------------------------------------------------------
     0 | Abyss:1  | dvd the Formicid Abyssal Knight began the quest for the Orb.
     0 | Abyss:1  | Reached XP level 1. HP: 18/18 MP: 2/2
    71 | Abyss:1  | Noticed a small abomination
    72 | D:1      | Escaped the Abyss
   226 | D:1      | Found a glowing golden altar of the Shining One.
   424 | D:1      | Reached * piety under Lugonu
   424 | D:1      | Reached XP level 2. HP: 22/24 MP: 3/3
   672 | D:2      | Reached skill level 1 in Dodging
   893 | D:2      | Reached XP level 3. HP: 26/30 MP: 4/4
  1027 | D:2      | Reached skill level 4 in Fighting
  1217 | D:2      | Reached XP level 4. HP: 37/37 MP: 5/5
  1291 | D:2      | Found a shimmering altar of Xom.
  1583 | D:3      | Found a stormy altar of Qazlal.
  1754 | D:3      | Reached ** piety under Lugonu
  1872 | D:3      | Found a burning altar of Makhleb.
  2220 | D:3      | Found a sparkling altar of Nemelex Xobeh.
  2451 | D:3      | Found a glowing silver altar of Zin.
  2509 | D:3      | Reached XP level 5. HP: 28/43 MP: 3/6
  2662 | D:3      | Found a sparkling altar of Nemelex Xobeh.
  2787 | D:4      | Found a basalt altar of Yredelemnul.
  2787 | D:4      | Found a bloodstained altar of Trog.
  2807 | D:4      | Found Gauc's Antique Weapon Emporium.
  2826 | D:4      | Reached skill level 1 in Throwing
  2847 | D:4      | You fall through a shaft!
  2847 | D:5      | Entered Level 5 of the Dungeon
  3205 | D:5      | Reached XP level 6. HP: 36/49 MP: 5/7
  3240 | D:5      | HP: 2/49 [poisoned by a worker ant]
  3246 | D:5      | Succumbed to a worker ant's poison

Skill      XL: |  1  2  3  4  5 |
---------------+----------------+-----
Dodging        | 1 |  1.6
Fighting       | 4 |  4.7
Armour         | 3 |  3.8
Throwing       | 1 |  1.2
Axes           | 3 |  3.1
Maces & Flails | |  0.4
Stealth        | |  0.3
Invocations    | |  2.4

Action                   |  1- 3 |  4- 6 || total
-------------------------+-------+-------++-------
Melee: Hand axe          |    84 |   128 ||   212
       Morningstar       |       |    59 ||    59
Throw: Javelin           |       |    12 ||    12
Invok: Depart the Abyss  |     1 |       ||     1
 Abil: Shaft Self        |       |     1 ||     1
  Use: Scroll            |       |     7 ||     7
       Potion            |       |     3 ||     3
  Eat: Chunk             |     1 |     7 ||     8
       Meat ration       |       |     1 ||     1
       Beef jerky        |       |     1 ||     1
Armor: Chain mail        |    58 |   151 ||   209
Dodge: Dodged            |    41 |    99 ||   140
